 Dungeon Crawl Stone Soup version 0.22-a0-866-geee5034 (console) character file.

16 removed the Caller (level 2, 0/20 HPs)
             Began as a Demigod Summoner on July 28, 2018.
             Slain by a jackal (1 damage)
             ... on level 1 of the Dungeon.
             The game lasted 00:03:29 (992 turns).

removed the Caller (Demigod Summoner)                Turns: 992, Time: 00:03:30

Health: 0/20       AC:  2    Str: 11    XL:     2   Next: 27%
Magic:  6/7        EV: 12    Int: 19    God:
Gold:   8          SH:  0    Dex: 16    Spells: 2/5 levels left

rFire    . . .     SeeInvis .   a - +0 whip (venom)
rCold    . . .     Gourm    .   (no shield)
rNeg     . . .     Faith    .   e - +0 robe
rPois    .         Spirit   .   (no helmet)
rElec    .         Reflect  .   (no cloak)
rCorr    .         Harm     .   (no gloves)
MR       .....                  (no boots)
Stlth    ++........             (no amulet)
HPRegen  0.06/turn              (no ring)
MPRegen  0.10/turn              (no ring)

@: no status effects
A: high mp 1
a: no special abilities


You were on level 1 of the Dungeon.
You were not hungry.

You visited 1 branch of the dungeon, and saw 1 of its levels.

You collected 8 gold pieces.

Inventory:

Hand Weapons
 a - a +0 whip of venom (weapon)
Armour
 e - a +0 robe (worn)
Scrolls
 d - 2 scrolls of immolation {unknown}
 g - 2 scrolls of amnesia {unknown}
 h - a scroll of fog {unknown}
 j - 2 scrolls of enchant armour {unknown}
Comestibles
 c - 2 rations
 i - 4 chunks of flesh


   Skills:
 - Level 1.7 Dodging
 - Level 1.7 Stealth
 + Level 2.0 Spellcasting
 - Level 4.1 Summonings


You had 2 spell levels left.
You knew the following spells:

 Your Spells              Type           Power        Failure   Level  Hunger
a - Summon Small Mammal   Summ           ###.         3%          1    #......
b - Call Imp              Summ           ###.....     4%          2    ###....

Your spell library contained the following spells:

 Spells                   Type           Power        Failure   Level  Hunger
 Summon Ice Beast         Ice/Summ       #.......     58%         4    #####..
 Call Canine Familiar     Summ           ###.....     10%         3    ###....
 Summon Lightning Spire   Summ/Air       #.......     58%         4    #####..
 Summon Guardian Golem    Hex/Summ       #.......     22%         3    ###....


Dungeon Overview and Level Annotations

Branches:
Dungeon (1/15)


Innate Abilities, Weirdness & Mutations

You have an increased reservoir of magic. (+10% MP)


Message History

You hit the leopard gecko.
The leopard gecko is poisoned.
The leopard gecko is severely wounded.
The jackal misses you. The leopard gecko bites you.
* * * LOW HITPOINT WARNING * * *
Your quokka closely misses the leopard gecko.
The jackal bites you.
* * * LOW HITPOINT WARNING * * *
Press: ? - help, v - describe, . - travel
Here: a leopard gecko (severely wounded, poisoned, clinging)
The floor.
You aren't carrying any potions.
The jackal bites you.
* * * LOW HITPOINT WARNING * * *
You kill the leopard gecko!
Your Spellcasting skill increases to level 2!
The jackal bites you.
* * * LOW HITPOINT WARNING * * *
Unknown command.
The jackal bites you.
You die...

#..... .#...#≈
#.... ..#...#≈
#.#.. ..#<..'.
#.#.# #..#...#≈
#.#.# ...#...#≈
#.#.#####...#####≈
#r.............##≈
#h###........#.##≈
#@# ###........ #≈
### #.....##. #≈
#.....##..
#.÷.....(.
#........#
#....##..#
#..####..### #.##
#..#..
######.#####.....


You could see a jackal and a friendly quokka.

Vanquished Creatures
  A leopard gecko (D:1)
  A ball python (D:1)
  A giant cockroach (D:1)
  2 frilled lizards (D:1)
  4 goblins (D:1)
  A rat (D:1)
10 creatures vanquished.

Vanquished Creatures (collateral kills)
  A goblin (D:1)
  4 hobgoblins (D:1)
  A kobold (D:1)
  A bat (D:1)
7 creatures vanquished.

Grand Total: 17 creatures vanquished

Notes
Turn   | Place    | Note
-------+----------+-------------------------------------------
     0 | D:1      | removed the Demigod Summoner began the quest for the Orb.
     0 | D:1      | Reached XP level 1. HP: 14/14 MP: 5/5
   388 | D:1      | Reached skill level 4 in Summonings
   674 | D:1      | Reached XP level 2. HP: 13/20 MP: 7/7
   872 | D:1      | Learned a level 2 spell: Call Imp
   991 | D:1      | HP: 1/20 [jackal (2)]
   992 | D:1      | Slain by a jackal

Vault maps used:
D:1:      lightli_arrival_farm, minmay_misc_feat_ornament

Skill      XL: |  1  2 |
---------------+-------+-----
Summonings     | 4 |  4.1
Spellcasting   | 2 |  2.0
Dodging        | |  1.7
Stealth        | |  1.7

Action                   || total
-------------------------++-------
Melee: Whip              ||    32
       Unarmed           ||     6
 Cast: Summon Small Mamm ||    15
Armor: Robe              ||     8
Dodge: Dodged            ||    23

Table legend:
 A = Spawn XP
 B = Non-spawn XP
 C = Spawn XP percentage of total XP
 D = Spawn monster count
 E = Non-spawn monster count
 F = Spawn count percentage of total count
 G = Total turns spent on level
                    A         B        C        D         E        F      G
               +---------+---------+-------+---------+---------+-------+---------
         Total |       0 |      24 |   0.0 |       0 |      17 |   0.0 |   992
               +---------+---------+-------+---------+---------+-------+---------
           D:1 |       0 |      24 |   0.0 |       0 |      17 |   0.0 |   992
               +---------+---------+-------+---------+---------+-------+---------
